 Dungeon Crawl Stone Soup version 0.21.1-1-g345015fe64 (webtiles) character file.

3889 Lemonade the Thaumaturge (level 10, -2/81 HPs)
             Began as a Pale Draconian Ice Elementalist on July 17, 2018.
             Was a Believer of Sif Muna.
             Slain by a two-headed ogre
             ... wielding a +0 giant spiked club
              (4 damage)
             ... on level 8 of the Dungeon on July 20, 2018.
             The game lasted 02:03:09 (11296 turns).

Lemonade the Thaumaturge (DrIE)                    Turns: 11296, Time: 02:03:09

Health: -2/81      AC: 16    Str:  9 (10) XL:     10   Next: 0%
Magic:  12/22      EV: 13    Int: 21      God:    Sif Muna [**....]
Gold:   369        SH:  5    Dex: 13      Spells: 12/26 levels left

rFire    . . .     SeeInvis +   t - +2 flail (protect)
rCold    . . .     Gourm    .   (no shield)
rNeg     . . .     Faith    .   (armour unavailable)
rPois    .         Spirit   .   (helmet restricted)
rElec    .         Reflect  +   (no cloak)
rCorr    .         Harm     .   Y - +2 pair of gloves
MR       .....                  (no boots)
Stlth    ++........             F - +5 amulet of reflection
HPRegen  0.23/turn              d - ring of see invisible
MPRegen  0.18/turn              Q - +3 ring of intelligence

@: icy armour, drained, slow
A: breathe steam, unfitting armour, cold-blooded, AC +7
a: Breathe Steam, Divine Energy, Renounce Religion


You were on level 8 of the Dungeon.
You worshipped Sif Muna.
Sif Muna was pleased with you.
You were very hungry.

You visited 2 branches of the dungeon, and saw 9 of its levels.

You collected 369 gold pieces.

Inventory:

Hand Weapons
 c - a +0 short sword
 f - a +0 club
 g - a +1 whip of electrocution
 k - a +0 dagger
 l - a +0 whip
 p - a +1 dagger of speed
 t - a +2 flail of protection (weapon)
 u - a +0 hand axe
 y - a +2 dagger of venom
 A - a +2 short sword of venom
 H - a +0 rapier
 I - a cursed -3 quarterstaff
 N - a +2 short sword of flaming
 T - a +0 war axe
 Z - a +0 shortbow
Missiles
 e - 284 stones (quivered)
 h - 3 javelins
 m - 64 sling bullets
 o - 28 bolts
 G - 144 arrows
 O - 11 tomahawks
 R - 28 poisoned needles
Armour
 B - a +1 pair of gloves
 Y - a +2 pair of gloves (worn)
Jewellery
 d - a ring of see invisible (left hand)
 s - an uncursed ring of resist corrosion
 F - a +5 amulet of reflection (around neck)
 J - an uncursed ring of poison resistance
 Q - a +3 ring of intelligence (right hand)
Wands
 q - a wand of disintegration (7)
 C - a wand of polymorph (7)
 U - a wand of iceblast (13)
 V - a wand of flame (28)
Scrolls
 i - 2 scrolls of blinking
 n - 5 scrolls of identify
 r - 5 scrolls of amnesia
 v - a scroll of magic mapping
 w - a scroll of teleportation
 K - a scroll of fog
 P - a scroll of noise
 S - a scroll of immolation {unknown}
 X - 2 scrolls of enchant weapon
Potions
 j - 2 potions of might
 x - a potion of brilliance
 D - a potion of flight
Books
 a - a book of Frost

   Spells                             Type                      Level
   a - Freeze                         Ice                          1
   b - Throw Frost                    Conjuration/Ice              2
   c - Ozocubu's Armour               Charms/Ice                   3
   d - Throw Icicle                   Conjuration/Ice              4
   e - Summon Ice Beast               Ice/Summoning                4
Comestibles
 b - 9 rations


   Skills:
 + Level 5.3(4.9) Fighting
 * Level 5.1(4.7) Maces & Flails
 - Level 0.2(0.0) Throwing
 + Level 3.7(3.3) Dodging
 + Level 3.1(2.7) Stealth
 * Level 8.9(8.5) Spellcasting
 + Level 1.2(0.8) Conjurations
 + Level 1.2(0.9) Charms
 + Level 7.0(6.6) Ice Magic
 + Level 0.3(0.0) Evocations


You had 12 spell levels left.
You knew the following spells:

 Your Spells              Type           Power        Failure   Level  Hunger
a - Freeze                Ice            ####         1%          1    None
b - Throw Frost           Conj/Ice       ###...       2%          2    None
c - Ozocubu's Armour      Chrm/Ice       ###.....     4%          3    None
d - Throw Icicle          Conj/Ice       ###.....     16%         4    ###....
e - Summon Ice Beast      Ice/Summ       ###.....     19%         4    ###....


Dungeon Overview and Level Annotations

Branches:
Dungeon (8/15)             Temple (1/1) D:5
   Lair: D:8-11

Altars:
Ashenzari
Cheibriados
Dithmenos
Elyvilon
Fedhas
Gozag
Hepliaklqana
Kikubaaqudgha
Makhleb
Nemelex Xobeh
Okawaru
Qazlal
Ru
Sif Muna
Trog
Uskayaw
Vehumet
Wu Jian
Xom
Yredelemnul
Zin
The Shining One

Annotations:
D:4 WBergamot's ghost, amateur HOMo
D:7 1 transporter, Joseph
D:8 5 runed doors


Innate Abilities, Weirdness & Mutations

You can breathe blasts of scalding, opaque steam.
Your pale cyan-grey scales are hard. (AC +7)
You cannot fit into any form of body armour.
You are cold-blooded and may be slowed by cold attacks.


Message History

Press: ? - help, Shift-Dir - straight line, f/p - two-headed ogre
Aim: a two-headed ogre, wielding a giant spiked club and a giant club (severely wounded)
You freeze the two-headed ogre.
The two-headed ogre is almost dead.
You are feeling very hungry.
The two-headed ogre hits you with a giant spiked club!
* * * LOW HITPOINT WARNING * * *
The two-headed ogre misses you.
Okay, then.
Casting: Freeze
Confirm with . or Enter, or press ? or * to list all spells.
Aiming: Freeze
Press: ? - help, Shift-Dir - straight line, f/p - two-headed ogre
Aim: a two-headed ogre, wielding a giant spiked club and a giant club (almost dead)
You freeze the two-headed ogre.
The two-headed ogre is almost dead.
The two-headed ogre hits you with a giant spiked club!!
* * * LOW HITPOINT WARNING * * *
The two-headed ogre hits you with a giant club.
You die...

#....#..............'
#############...##..##..........#
#...............##..##..........#
#.#######.##........##..####...##
#.###...............##..## ######
#.#...###.###...##..##...# #.
#...###S#.#.###..#..##...# #.
#..##.S.#.#..a##.#...#...# #.
#..#S...+++..aa#@#...#...# #.
#..#....#/#..aa#O#..##...# #.
#..#....#(#..aa#O.'###..## ##
#..#S..#####..a#....###'#### #
##.##+## ..##+##...........# .
#..## ....##............# #.
##..## ..y.##.............#
##..##y..##..#...........#
##..#y..#..####..###...##


You could see a two-headed ogre, 3 soldier ants, an ogre and 3 worker ants.

Vanquished Creatures
  The ghost of motoroller71 the Ducker, a novice GnGl of Makhleb (D:6)
  A vampire (D:8)
  A human (D:8)
  2 hogs (D:8)
  A steam dragon (D:8)
  A water moccasin (D:8)
  Duvessa (D:7)
  An orc warrior (D:7)
  A phantom (D:6)
  An ice beast (D:8)
  3 ogres
  5 centaurs
  4 bullfrogs
  A wyvern skeleton (D:8)
  Dowan (D:7)
  A scorpion (D:7)
  5 wights (D:8)
  3 howler monkeys
  2 crimson imps
  2 jellies (D:6)
  2 orc priests
  A bullfrog skeleton (D:6)
  An iguana (D:5)
  2 centaur skeletons (D:4)
  4 orc wizards
  Natasha (thrice) (D:2)
  5 worker ants
  A hound skeleton (D:7)
  9 adders
  A shadow imp (D:5)
  An ooze (D:3)
  2 adder skeletons
  6 worms
  A dart slug (D:2)
  4 leopard geckos
  19 orcs
  2 ball pythons
  3 giant cockroaches (D:1)
  10 goblins
  11 hobgoblins
  3 jackals (D:1)
  2 quokkas
  5 bats
  5 frilled lizards
  A giant cockroach zombie (D:5)
  15 kobolds
  A leopard gecko skeleton (D:4)
  3 rats
161 creatures vanquished.

Vanquished Creatures (others)
  A ball python (D:8)
1 creature vanquished.

Grand Total: 162 creatures vanquished

Notes
Turn   | Place    | Note
-------+----------+-------------------------------------------
     0 | D:1      | Lemonade the Draconian Ice Elementalist began the quest for the Orb.
     0 | D:1      | Reached XP level 1. HP: 14/14 MP: 3/3
   232 | D:1      | Reached XP level 2. HP: 16/20 MP: 5/5
   605 | D:1      | Reached XP level 3. HP: 24/26 MP: 0/6
   631 | D:1      | Learned a level 2 spell: Throw Frost
   635 | D:1      | Learned a level 3 spell: Ozocubu's Armour
  1172 | D:2      | Noticed Natasha
  1183 | D:2      | Killed Natasha
  1183 | D:2      | Reached XP level 4. HP: 32/33 MP: 0/8
  1184 | D:2      | Noticed Natasha
  1202 | D:2      | Killed Natasha
  1359 | D:2      | Reached skill level 3 in Spellcasting
  1430 | D:2      | Noticed Natasha
  1636 | D:3      | Reached skill level 1 in Fighting
  1645 | D:3      | Reached skill level 1 in Maces & Flails
  1816 | D:2      | Killed Natasha
  1816 | D:2      | Reached XP level 5. HP: 33/40 MP: 1/10
  3135 | D:3      | Found a deep blue altar of Sif Muna.
  3138 | D:3      | Became a worshipper of Sif Muna the Loreminder
  3598 | D:4      | Noticed an ogre
  3637 | D:4      | Killed an ogre
  3637 | D:4      | Reached skill level 4 in Spellcasting
  3637 | D:4      | Reached XP level 6. HP: 31/47 MP: 3/12
  4391 | D:4      | Learned a level 2 spell: Throw Frost
  4445 | D:4      | Noticed WBergamot's ghost (amateur HOMo)
  4566 | D:4      | Your scales start taking on a pale cyan-grey colour.
  4566 | D:4      | Reached XP level 7. HP: 56/56 MP: 14/14
  4732 | D:4      | Reached skill level 5 in Spellcasting
  5064 | D:5      | Entered Level 5 of the Dungeon
  5343 | D:5      | Found a staircase to the Ecumenical Temple.
  5355 | Temple   | Entered the Ecumenical Temple
  5736 | D:5      | Reached * piety under Sif Muna
  5856 | D:5      | Reached skill level 5 in Ice Magic
  6238 | D:6      | Reached skill level 6 in Spellcasting
  6238 | D:6      | Reached XP level 8. HP: 59/63 MP: 15/17
  6244 | D:6      | Learned a level 4 spell: Throw Icicle
  6496 | D:6      | Found a shadowy altar of Dithmenos.
  6573 | D:6      | Noticed motoroller71's ghost (novice GnGl)
  6678 | D:6      | Killed motoroller71's ghost
  6678 | D:6      | Reached skill level 7 in Spellcasting
  6678 | D:6      | Reached skill level 1 in Charms
  7252 | D:6      | Reached XP level 9. HP: 60/72 MP: 11/20
  7348 | D:7      | Reached ** piety under Sif Muna
  7451 | D:7      | Found a transporter.
  7827 | D:8      | Learned a level 4 spell: Summon Ice Beast
  7887 | D:7      | Noticed Dowan
  7890 | D:7      | Noticed Duvessa
  7896 | D:8      | Reached skill level 8 in Spellcasting
  8155 | D:7      | Killed Dowan
  8169 | D:7      | Killed Duvessa
  8575 | D:7      | Found a transporter.
  8688 | D:7      | Noticed Joseph
  9641 | D:8      | Found a runed door.
  9654 | D:8      | Reached skill level 5 in Fighting
  9727 | D:8      | Found the +9 staff of Olgreb {rPois}
  9743 | D:8      | Found a runed gate.
  9744 | D:8      | Found a runed door.
  9774 | D:8      | Found a runed gate.
  9774 | D:8      | Found a runed gate.
 10138 | D:8      | Reached skill level 5 in Maces & Flails
 10971 | D:8      | Reached XP level 10. HP: 21/81 MP: 14/22
 11266 | D:8      | Noticed a two-headed ogre
 11296 | D:8      | HP: 2/81 [two-headed ogre/giant spiked club (18)]
 11296 | D:8      | Slain by a two-headed ogre

Skill      XL: |  1  2  3  4  5  6  7  8  9 |
---------------+----------------------------+-----
Dodging        | 2 3 |  3.7
Stealth        | 2 3 |  3.1
Spellcasting   | 3 4 6 7 8 |  8.9
Fighting       | 1 2 3 4 5 |  5.3
Maces & Flails | 1 2 3 5 |  5.1
Ice Magic      | 4 5 6 7 |  7.0
Charms         | 1 |  1.2
Throwing       | |  0.2
Conjurations   | |  1.2
Evocations     | |  0.3

Action                   |  1- 3 |  4- 6 |  7- 9 | 10-12 || total
-------------------------+-------+-------+-------+-------++-------
Melee: Whip              |    46 |   140 |    47 |       ||   233
       Unarmed           |     3 |       |       |       ||     3
       Tailslap          |     2 |     7 |    21 |       ||    30
       Flail             |       |       |   165 |       ||   165
Throw: Stone             |    21 |     6 |     5 |       ||    32
 Cast: Freeze            |    28 |    49 |   139 |    12 ||   228
       Ozocubu's Armour  |     1 |     9 |    30 |     1 ||    41
       Throw Frost       |     1 |     1 |     4 |       ||     6
       Throw Icicle      |       |       |     4 |       ||     4
       Summon Ice Beast  |       |       |     2 |       ||     2
 Abil: Breathe Steam     |       |       |     9 |       ||     9
Evoke: Wand              |       |       |    11 |     1 ||    12
  Use: Potion            |       |     1 |    13 |       ||    14
       Scroll            |       |     1 |    14 |       ||    15
 Stab: Sleeping          |     2 |     1 |     3 |       ||     6
       Distracted        |       |     1 |       |       ||     1
  Eat: Chunk             |     1 |    12 |     9 |       ||    22
       Ration            |       |       |     4 |       ||     4
Armor: Skin              |    31 |    53 |   193 |     2 ||   279
Dodge: Dodged            |    70 |    97 |   272 |     8 ||   447
Block: Other             |       |       |    73 |     2 ||    75
       Reflection        |       |       |     5 |       ||     5
